 Dungeon Crawl Stone Soup version 0.30.0-15-g856e2d3f33 (webtiles) character file.

Game seed: 15885244735803267182

82952 juan097 the Severer (level 15, -1/144 HPs)
             Began as a Minotaur Berserker on May 18, 2023.
             Was a High Priest of Trog.
             Slain by a death knight
             ... wielding a +3 glaive of protection
              (23 damage)
             ... on level 13 of the Dungeon.
             The game lasted 00:48:17 (24744 turns).

juan097 the Severer (Minotaur Berserker)           Turns: 24744, Time: 00:48:17

Health: -1/144     AC: 23    Str: 28    XL:     15   Next: 31%
Magic:  14/14      EV: 14    Int:  4    God:    Trog [*****.]
Gold:   902        SH:  0    Dex: 17    Spells: 14/14 levels left

rFire   + + .        a - +4 battleaxe (heavy)
rCold   . . .        (shield currently unavailable)
rNeg    . . .        O - +1 chain mail {rPois}
rPois   +            V - +1 hat
rElec   .            H - +1 cloak {rPois}
rCorr   .            E - +1 pair of gloves
SInv    .            N - +0 pair of boots
Will    +....        U - amulet "Laag Qajyv" {Acrobat rF+} Stlth
                     n - ring of protection from fire
HPRegen 0.44/turn    m - +6 ring of dexterity
MPRegen 0.14/turn

%: acrobat
@: no status effects
A: horns 2, retaliatory headbutt
a: Renounce Religion, Berserk, Trog's Hand, Brothers in Arms


You were on level 13 of the Dungeon.
You worshipped Trog.
Trog was extremely pleased with you.
You visited 3 branches of the dungeon, and saw 20 of its levels.
You also visited: Sewer and Bailey.

You collected 1951 gold pieces.
You spent 1049 gold pieces at shops.

Inventory:

Hand Weapons
 a - a +4 heavy battleaxe (weapon)
 b - the +11 sling of Taakuc {flame, rPois rF+ Dex-3}
   (You found it on level 1 of the Lair of Beasts)

   Dex:       It affects your dexterity (-3).
   rF:        It protects you from fire.
   rPois:     It protects you from poison.
 f - a +0 antimagic battleaxe
 w - a +0 hand axe of flaming
 Z - a +4 executioner's axe of flaming
Missiles
 r - 2 silver boomerangs
 u - 15 poisoned darts (quivered)
 L - 3 throwing nets
 P - 10 boomerangs
 Q - 4 curare-tipped darts
 R - 2 silver javelins
Armour
 E - a +1 pair of gloves (worn)
 H - a +1 cloak of poison resistance (worn)
 N - a +0 pair of boots (worn)
 O - a +1 chain mail of poison resistance (worn)
 V - a +1 hat (worn)
Jewellery
 m - a +6 ring of dexterity (right hand)
 n - a ring of protection from fire (left hand)
 U - the amulet "Laag Qajyv" (around neck) {Acrobat rF+}
   (You found it on level 4 of the Lair of Beasts)

   [amulet of the acrobat]

   It increases your evasion while moving and waiting.
   rF:        It protects you from fire.
 W - a ring of flight
 Y - a ring of positive energy
Wands
 c - a wand of charming (19)
 g - a wand of light (3)
 k - a wand of digging (5)
 G - a wand of roots (19)
 T - a wand of mindburst (5)
Scrolls
 d - a scroll of fear
 e - 2 scrolls of butterflies
 i - 3 scrolls of poison
 j - 10 scrolls of teleportation
 p - 2 scrolls of fog
 t - 4 scrolls of magic mapping {unknown}
 x - 2 scrolls of blinking
 y - 2 scrolls of immolation {unknown}
 C - 3 scrolls of silence
 D - 4 scrolls of enchant weapon
Potions
 h - 6 potions of lignification
 q - a potion of berserk rage
 v - 2 potions of heal wounds
 z - a potion of invisibility
 A - 3 potions of attraction
 B - 3 potions of flight
 F - 2 potions of might
 I - 2 potions of mutation
 J - 3 potions of resistance {unknown}
 M - 3 potions of curing {unknown}
 S - 3 potions of haste
Miscellaneous
 l - a phial of floods


   Skills:
 + Level 16.3 Fighting
 + Level 18.3 Axes
 - Level 8.0 Ranged Weapons
 - Level 4.0 Throwing
 + Level 16.3 Armour
 + Level 8.6 Dodging
 - Level 4.0 Stealth
 + Level 4.8 Evocations


You had 14 spell levels left.
You didn't know any spells.
Your spell library was empty.

Dungeon Overview and Level Annotations

Branches:
Dungeon (13/15)            Temple (0/1) D:7            Lair (5/5) D:11
  Swamp (0/4) Lair:3       Spider (0/4) Lair:2        Slime (0/5) Lair:4
    Orc (2/2) D:10            Elf (0/3) Orc:2         Sewer (visited)
 Bailey (visited)
 Vaults: D:13-14

Altars:
Ashenzari
Dithmenos
Elyvilon
Hepliaklqana
Kikubaaqudgha
Okawaru
Uskayaw
Jiyva

Shops:
D:11 (   Orc:2 [*[*

Annotations:
Lair:1 3 runed translucent doors, Purph's ghost, journeyman MiBe
Lair:2 exclusion: oklob plant


Innate Abilities, Weirdness & Mutations

You have a pair of horns on your head.
You reflexively headbutt those who attack you in melee.


Message History

The death knight's dark mirror aura disappears.
The death knight closely misses you.
The death knight invokes the aid of Yredelemnul against you.
Your body is wracked with pain!
* * * LOW HITPOINT WARNING * * *
You feel yourself speed up.
There is an open door here.
There is a stone staircase leading up here.
The death knight closely misses you.
You climb upwards.
There is a stone staircase leading down, spattered with blood here.
You start resting.
You feel your willpower return.
You start resting.
HP restored.
You climb downwards.
There is a stone staircase leading up here.
You feel clumsy.
The +11 sling of Taakuc {flame, rPois rF+ Dex-3} bursts into flame!
b - the +11 sling of Taakuc (weapon)
{flame, rPois rF+ Dex-3} You shoot a sling bullet.
The sling bullet hits the death knight but does no damage.
You shoot a sling bullet.
The sling bullet hits the death knight!!
The sling bullet burns the death knight.
The death knight is moderately wounded.
The death knight calls down the wrath of Yredelemnul upon you.
Your body is wracked with pain!
The +11 sling of Taakuc {flame, rPois rF+ Dex-3} stops flaming.
a - a +4 heavy battleaxe (weapon)
There is an open door here.
The death knight offers itself to Yredelemnul, and fills with unholy energy.
You cut the death knight into ribbons!!!
The death knight is almost dead.
The death knight reflects your damage back at you!
* * * LOW HITPOINT WARNING * * *
The death knight hits you with a +3 glaive of protection!!
* * * LOW HITPOINT WARNING * * *
The death knight hits you with a +3 glaive of protection!!
You die...

#..... #.....
#..... #
#.....#####.###
#..............
#....)...#######
#........#.....#
#######p.#.....#
#.@'.....#
#..#.....#
..####.....####
......>.<.......
#####...........
#...........
#...........
#...........
#...........


You could see a death knight (reflects damage).

Vanquished Creatures
  3 dire elephants (Lair:5)
  Nessos (D:12)
  Snorg (D:12)
  A deep elf high priest (D:12)
  5 hydras
  A centaur warrior (D:13)
  A catoblepas (Lair:5)
  5 two-headed ogres
  3 boulder beetles
  14 death yaks
  4 orc high priests
  Sonja (D:12)
  A skyshark (Lair:4)
  2 flayed ghosts (D:12)
  3 lindwurms (Lair:5)
  2 phantasmal warriors (D:13)
  2 manticores (Lair:5)
  A deep elf pyromancer (D:12)
  3 ugly things (D:12)
  2 oklob plants
  4 orc sorcerers
  17 elephants
  6 black mambas
  2 gargoyles (D:12)
  2 torpor snails
  A torpor snail (shapeshifter) (D:12)
  9 cane toads
  6 komodo dragons
  A freezing wraith (D:13)
  A yaktaur (D:12)
  5 rime drakes
  15 polar bears
  5 trolls
  2 hornets (Lair:5)
  Prince Ribbit (D:7)
  23 blink frogs
  3 raiju (Lair:5)
  2 shadows
  3 centaur simulacra (D:10)
  2 spriggans
  A jumping spider (Lair:2)
  5 wyverns
  An unseen horror simulacrum (D:10)
  2 wraiths (D:10)
  58 yaks
  5 basilisks
  2 redbacks (Lair:1)
  2 steam dragons
  3 vampire mosquitoes (D:11)
  8 wargs
  4 acid dragons
  12 hell hounds (Lair:5)
  18 water moccasins
  13 black bears
  18 orc warriors
  3 ice beasts
  2 sky beasts
  6 ogres
  16 wolves
  7 centaurs
  2 phantoms
  2 kobold brigands
  11 bullfrogs
  3 scorpions
  9 wights
  3 killer bees (D:11)
  4 electric eels
  3 howler monkeys
  26 orc priests
  4 jellies
  2 sleepcaps
  Crazy Yiuf (D:4)
  3 hounds (D:6)
  An iguana (D:5)
  20 orc wizards
  6 hell rats (Lair:5)
  12 adders
  7 gnolls
  2 shadow imps
  3 white imps
  A howler monkey simulacrum (D:10)
  2 ufetubi
  3 worms
  66 orcs
  10 endoplasms
  8 giant cockroaches
  7 goblins
  7 hobgoblins
  4 jackals (D:1)
  14 kobolds
  9 quokkas
  9 ball pythons
  3 bats
  13 frilled lizards
  9 rats
641 creatures vanquished.

Vanquished Creatures (others)
  2 orcs
2 creatures vanquished.

Grand Total: 643 creatures vanquished

Notes
Turn   | Place    | Note
-------+----------+-------------------------------------------
     0 | D:1      | juan097 the Minotaur Berserker began the quest for the Orb.
     0 | D:1      | Reached XP level 1. HP: 19/19 MP: 0/0
   241 | D:1      | Reached XP level 2. HP: 27/27 MP: 1/1
   365 | D:1      | Reached skill level 4 in Axes
   671 | D:1      | Reached XP level 3. HP: 33/33 MP: 2/2
  1002 | D:2      | Reached ** piety under Trog
  1130 | D:2      | Found a hazy altar of Hepliaklqana.
  1307 | D:2      | Reached skill level 1 in Stealth
  1703 | D:3      | Reached XP level 4. HP: 39/40 MP: 3/3
  1737 | D:3      | Found a hide-covered altar of Uskayaw.
  1754 | D:3      | Found a glowing drain.
  1770 | Sewer    | Entered a sewer
  1926 | Sewer    | Reached *** piety under Trog
  1996 | Sewer    | Noticed a bullfrog
  2000 | Sewer    | Killed a bullfrog
  2001 | Sewer    | Reached skill level 5 in Axes
  2001 | Sewer    | Reached XP level 5. HP: 47/47 MP: 4/4
  2567 | D:3      | Found a shadowy altar of Dithmenos.
  2587 | D:3      | Reached XP level 6. HP: 46/53 MP: 5/5
  2714 | D:3      | Found an ancient bone altar of Kikubaaqudgha.
  2964 | D:4      | You fall into a shaft and drop 3 floors!
  2989 | D:7      | Noticed a sky beast
  3052 | D:7      | Noticed Prince Ribbit
  3076 | D:7      | HP: 2/79 [Prince Ribbit (15)]
  3078 | D:7      | Killed Prince Ribbit
  3079 | D:7      | Reached skill level 5 in Fighting
  3079 | D:7      | Reached skill level 6 in Axes
  3627 | D:6      | Reached XP level 7. HP: 55/61 MP: 6/6
  3694 | D:5      | Entered Level 5 of the Dungeon
  4400 | D:4      | Reached skill level 7 in Axes
  4613 | D:4      | Found a runed translucent door.
  4614 | D:4      | Noticed Crazy Yiuf
  4621 | D:4      | Killed Crazy Yiuf
  4755 | D:5      | Reached skill level 5 in Armour
  4981 | D:5      | Reached XP level 8. HP: 66/70 MP: 7/7
  5129 | D:6      | Reached skill level 1 in Throwing
  5143 | D:6      | Reached **** piety under Trog
  5385 | D:6      | Reached skill level 8 in Axes
  5564 | D:6      | Found a white marble altar of Elyvilon.
  5810 | D:6      | Found a broken altar of Ashenzari.
  6026 | D:6      | Reached skill level 9 in Axes
  6026 | D:6      | Reached XP level 9. HP: 56/78 MP: 8/8
  6262 | D:7      | Found a staircase to the Ecumenical Temple.
  6682 | D:8      | Found a flagged portal.
  6760 | D:8      | HP: 5/109 [poisoned by a water moccasin]
  6972 | Bailey   | Entered a bailey
  6988 | Bailey   | Reached skill level 10 in Axes
  7229 | D:8      | Found an iron altar of Okawaru.
  7459 | D:8      | Reached skill level 11 in Axes
  8141 | D:9      | Reached XP level 10. HP: 88/88 MP: 9/9
  8149 | D:9      | Reached skill level 12 in Axes
  8440 | D:9      | Reached skill level 1 in Ranged Weapons
  8641 | D:9      | Reached skill level 1 in Evocations
  8645 | D:9      | Noticed a two-headed ogre
  8653 | D:9      | Killed a two-headed ogre
  9192 | D:10     | Entered Level 10 of the Dungeon
  9388 | D:10     | Reached skill level 5 in Dodging
  9672 | D:10     | Found a staircase to the Orcish Mines.
  9966 | D:10     | Reached XP level 11. HP: 90/96 MP: 10/10
  9993 | D:10     | Reached ***** piety under Trog
 10340 | D:10     | Noticed a death yak
 10364 | D:10     | Killed a death yak
 11244 | Orc:1    | Entered Level 1 of the Orcish Mines
 11244 | Orc:1    | Noticed an orc sorcerer
 11244 | Orc:1    | Noticed an orc sorcerer
 11251 | D:10     | Killed an orc sorcerer
 11264 | Orc:1    | Killed an orc sorcerer
 11265 | Orc:1    | Reached skill level 13 in Axes
 11499 | Orc:2    | Entered Level 2 of the Orcish Mines
 11852 | Orc:1    | Received a gift from Trog
 11967 | Orc:1    | Reached skill level 10 in Fighting
 11967 | Orc:1    | Reached skill level 10 in Armour
 12051 | Orc:2    | Noticed an orc high priest
 12103 | Orc:2    | Noticed an orc high priest
 12183 | Orc:2    | Noticed an orc sorcerer
 12193 | Orc:1    | Killed an orc high priest
 12340 | Orc:2    | Noticed a soul eater
 12341 | Orc:2    | Noticed an orc high priest
 12381 | Orc:1    | Killed an orc high priest
 12391 | Orc:1    | Killed an orc high priest
 12391 | Orc:1    | Killed an orc sorcerer
 12410 | Orc:2    | Noticed an orc high priest
 12424 | Orc:2    | Killed an orc high priest
 12573 | Orc:2    | Reached XP level 12. HP: 88/108 MP: 11/11
 12963 | Orc:2    | Found a staircase to the Elven Halls.
 13043 | Orc:2    | Reached skill level 14 in Axes
 13109 | Orc:2    | Found Jaremail's Armour Shop.
 13109 | Orc:2    | Found Nif Tinu's Assorted Antiques.
 13110 | Orc:2    | Found Vystelip's Assorted Antiques.
 13115 | Orc:2    | Found Zol Pyitee's Antique Armour Boutique.
 13119 | Orc:2    | Bought a blue potion for 30 gold pieces
 13119 | Orc:2    | Bought a scroll labelled IZU OXTACSI for 34 gold pieces
 13120 | Orc:2    | Bought a fizzy orange potion for 31 gold pieces
 13121 | Orc:2    | Bought a pair of boots for 139 gold pieces
 13570 | Orc:2    | Bought an ichor-stained ring mail for 315 gold pieces
 13570 | Orc:2    | Identified the +0 ring mail "Gorink" {rN++ Int+5} (You
                  | bought it in a shop on level 2 of the Orcish Mines)
 13574 | Orc:2    | Bought a glowing scale mail for 238 gold pieces
 13602 | Orc:2    | Bought a scroll of blinking for 262 gold pieces
 14160 | D:11     | Found Bulekhedd's Weapon Emporium.
 14365 | D:11     | Noticed a boulder beetle
 14379 | D:11     | Killed a boulder beetle
 14481 | D:11     | Noticed a two-headed ogre
 14488 | D:11     | Killed a two-headed ogre
 14558 | D:11     | Found a staircase to the Lair.
 14749 | Lair:1   | Entered Level 1 of the Lair of Beasts
 14776 | Lair:1   | Reached skill level 15 in Axes
 14857 | Lair:1   | Identified the +9 sling of Okawaru's Generosity {speed,
                  | Dex+4}
 14880 | Lair:1   | Found a runed translucent gate.
 14886 | Lair:1   | Found a runed translucent gate.
 14886 | Lair:1   | Found a runed translucent gate.
 14887 | Lair:1   | Noticed a ten-headed hydra
 14887 | Lair:1   | Noticed Purph's ghost (journeyman MiBe)
 15005 | Lair:1   | Identified the +11 sling of Taakuc {flame, rPois rF+ Dex-3}
 15044 | Lair:1   | Noticed a death yak
 15045 | Lair:1   | Noticed a death yak
 15045 | Lair:1   | Noticed a death yak
 15045 | Lair:1   | Noticed a death yak
 15046 | Lair:1   | Noticed a death yak
 15098 | D:11     | Killed a death yak
 15099 | D:11     | Killed a death yak
 15293 | D:11     | Killed a death yak
 15300 | Lair:1   | Killed a death yak
 15440 | Lair:1   | Killed a death yak
 16053 | Lair:1   | Reached skill level 16 in Axes
 16646 | Lair:2   | Found a hole to the Spider Nest.
 16651 | Lair:2   | Reached XP level 13. HP: 111/118 MP: 9/12
 17181 | Lair:2   | Received a gift from Trog
 18062 | Lair:3   | Reached skill level 17 in Axes
 18253 | Lair:3   | Found a staircase to the Swamp.
 19159 | Lair:4   | Identified the amulet "Laag Qajyv" {Acrobat rF+}
 19232 | Lair:4   | Reached skill level 18 in Axes
 19232 | Lair:4   | Reached skill level 5 in Ranged Weapons
 19571 | Lair:4   | Reached XP level 14. HP: 112/130 MP: 13/13
 19785 | Lair:4   | Found a staircase to the Slime Pits.
 19786 | Lair:4   | Found a viscous altar of Jiyva.
 20112 | Lair:4   | Reached ****** piety under Trog
 20112 | Lair:4   | Received a gift from Trog
 20157 | Lair:4   | Identified the +0 buckler of the Trout {Rampage rPois rC++
                  | Stlth-}
 20475 | Lair:5   | Entered Level 5 of the Lair of Beasts
 21174 | Lair:5   | Found a shadowy altar of Dithmenos.
 21440 | Lair:5   | Reached skill level 15 in Armour
 21441 | Lair:5   | Reached skill level 15 in Fighting
 22094 | Lair:5   | Received a gift from Trog
 23008 | Lair:5   | Reached XP level 15. HP: 110/144 MP: 14/14
 23629 | D:12     | Received a gift from Trog
 23881 | D:12     | Noticed Nessos
 23888 | D:12     | Killed Nessos
 24164 | D:12     | Noticed Sonja
 24168 | D:12     | Killed Sonja
 24349 | D:12     | Noticed Snorg
 24360 | D:12     | Killed Snorg
 24744 | D:13     | Slain by a death knight

Illustrated notes

Levels and vault maps discovered:
D:1:      dpeg_arrival_morbid_curiosity, layout_basic,
          minmay_misc_feat_four_crosses, nicolae_titane
D:2:      layout_basic, basic_altar
D:3:      layout_loops_ring, grunt_dithmenos_smoke_and_mirrors,
          nicolae_overflow_crystal_walls, mainiacjoe_overflow_brackets,
          cheibrodos_sewer_entry_drain
D:4:      layout_loops_cross, nicolae_ossuary_entry_monument,
          uniq_crazy_yiuf_cottage
D:5:      layout_rooms
D:6:      layout_loops_ring, ashenzari_altar_1, elyvilon_altar_1, serial_glass,
          glass_columns_c, glass_columns_a
D:7:      layout_loops_ring, minmay_temple_entry_junction_2, uniq_prince_ribbit1
D:8:      layout_rooms, old_standard_altar, serial_rivers,
          chequers_serial_rivers_marsh, chequers_serial_rivers_micro_d,
          chequers_serial_rivers_micro_b, chequers_serial_rivers_large_b,
          special_room [special_room_orc], enter_bailey_6
D:9:      layout_gridville
D:10:     layout_roguey, orc_0_dummy, serial_ice, serial_ice_b, serial_ice_d,
          serial_ice_k, serial_ice_n, serial_ice_g, serial_ice_h,
          hangedman_decor_peaks_small, minmay_misc_feat_columns,
          kennysheep_generic_room_12
D:11:     layout_basic, dpeg_oklobed_lair, nicolae_stop_n_shop_1,
          hangedman_abyss_or_decor_stagger, the_hattery
D:12:     cross_vault, layout_irregular_city, uniq_nessos, uniq_snorg,
          uniq_sonja
D:13:     layout_irregular_city, nicolae_shop_self_help
Lair:1:   layout_layer_cave, gammafunk_ghost_hydra_chop
Lair:2:   layout_roguey, spider_nest_entry_a
Lair:3:   layout_roguey, swamp_mist_pool
Lair:4:   layout_regular_city, slime_entry_1, serial_bayou_pond_c,
          nicolae_lair_grove_arrangements
Lair:5:   hangedman_lair_caniforms_friends, layout_gridlike,
          hangedman_lair_in_review, lemuel_oklob_altar, serial_bayou_shore_b,
          lemuel_fruit_tree
Orc:1:    layout_caves
Orc:2:    st_orc_mages, layout_caves

Skill      XL: |  1  2  3  4  5  6  7  8  9 10 11 12 13 14 |
---------------+-------------------------------------------+-----
Axes           | 4 5 6 7 9 11 12 13 16 18 | 18.3
Fighting       | 4 5 6 8 9 10 12 13 16 | 16.3
Stealth        | 1 2 3 4 |  4.0
Armour         | 3 4 5 6 8 9 10 12 13 16 | 16.3
Dodging        | 3 4 5 7 8 |  8.6
Throwing       | 2 4 |  4.0
Ranged Weapons | 3 4 5 8 |  8.0
Evocations     | 2 4 |  4.8

Action                     |  1- 3 |  4- 6 |  7- 9 | 10-12 | 13-15 || total
---------------------------+-------+-------+-------+-------+-------++-------
  Melee: Hand axe          |    98 |   112 |    22 |       |    27 ||   259
         Headbutt          |    14 |    20 |    46 |    93 |   115 ||   288
         Punch             |     2 |     1 |     3 |     6 |     2 ||    14
         War axe           |       |       |   236 |   229 |       ||   465
         Unarmed           |       |       |    10 |       |       ||    10
         Broad axe         |       |       |       |   187 |   208 ||   395
         Battleaxe         |       |       |       |       |   278 ||   278
   Fire: Shortbow          |       |       |    10 |    62 |       ||    72
         Sling             |       |       |       |    16 |    99 ||   115
  Throw: Stone             |       |    13 |     9 |       |       ||    22
         Dart              |       |     3 |     7 |    16 |     4 ||    30
 Invoke: Berserk           |       |     1 |     2 |     4 |     5 ||    12
         Trog's Hand       |       |     1 |     3 |     3 |       ||     7
  Evoke: Wand              |       |       |     1 |       |     3 ||     4
    Use: Potion            |       |     2 |     4 |       |     3 ||     9
         Scroll            |       |       |    12 |     3 |     8 ||    23
   Stab: Sleeping          |     1 |     3 |     5 |       |       ||     9
         Petrified         |       |       |       |       |     1 ||     1
 Armour: Ring mail         |    28 |    15 |       |       |       ||    43
         Robe              |       |    10 |    62 |       |       ||    72
         Chain mail        |       |       |    27 |   246 |   395 ||   668
         Skin              |       |       |    14 |       |       ||    14
  Dodge: Dodged            |    63 |    52 |   160 |   270 |   467 ||  1012
